 Dungeon Crawl Stone Soup version 0.22.1-1-ga44c0e5 (webtiles) character file.

133 brandon the Magician (level 4, 0/24 HPs)
             Began as a Deep Elf Fire Elementalist on Oct 9, 2018.
             Slain by an orc priest
             ... wielding a +0 dagger
              (5 damage)
             ... on level 3 of the Dungeon.
             The game lasted 00:08:43 (3574 turns).

brandon the Magician (Deep Elf Fire Elementalist)   Turns: 3574, Time: 00:08:44

Health: 0/24       AC:  3    Str:  5    XL:     4   Next: 94%
Magic:  10/12      EV: 13    Int: 21    God:
Gold:   132        SH:  0    Dex: 15    Spells: 1/11 levels left

rFire    . . .     SeeInvis .   s - +0 short sword
rCold    . . .     Gourm    .   (no shield)
rNeg     . . .     Faith    .   a - +0 robe
rPois    .         Spirit   .   (no helmet)
rElec    .         Reflect  .   j - +0 cloak
rCorr    .         Harm     .   (no gloves)
MR       .....                  (no boots)
Stlth    ++........             (no amulet)
HPRegen  0.08/turn              (no ring)
MPRegen  0.13/turn              (no ring)

@: no status effects
A: no striking features
a: no special abilities


You were on level 3 of the Dungeon.
You were not hungry.

You visited 1 branch of the dungeon, and saw 4 of its levels.

You collected 132 gold pieces.

Inventory:

Hand Weapons
 q - a +0 blowgun
 s - a +0 short sword (weapon)
Missiles
 t - a poisoned needle
Armour
 a - a +0 robe (worn)
 j - a +0 cloak (worn)
Wands
 n - a wand of clouds (6)
Scrolls
 f - a scroll of fear {unknown}
 g - 2 scrolls of remove curse {unknown}
 h - a scroll of enchant armour {unknown}
 i - a scroll of identify {unknown}
 p - a scroll of teleportation {unknown}
 r - a scroll of immolation {unknown}
Potions
 b - a potion of flight {unknown}
 d - 2 potions of curing {unknown}
 e - a potion of resistance {unknown}
 k - a potion of berserk rage {unknown}
 l - 2 potions of might {unknown}
 m - a potion of lignification {unknown}
 o - a potion of heal wounds {unknown}
Comestibles
 c - 2 rations


   Skills:
 - Level 2.4 Dodging
 - Level 2.5 Stealth
 + Level 4.2 Spellcasting
 * Level 3.8 Conjurations
 + Level 4.1 Fire Magic


You had one spell level left.
You knew the following spells:

 Your Spells              Type           Power        Failure   Level  Hunger
a - Flame Tongue          Conj/Fire      ###..        2%          1    None
b - Throw Flame           Conj/Fire      ###...       3%          2    #......
c - Conjure Flame         Conj/Fire      ###.....     7%          3    ###....
d - Sticky Flame          Conj/Fire      ###.....     22%         4    ####...

Your spell library contained the following spells:

 Spells                   Type           Power        Failure   Level  Hunger
 Inner Flame              Hex/Fire       ##......     16%         3    ###....
 Fireball                 Conj/Fire      ###.......   54%         5    ######.


Dungeon Overview and Level Annotations

Branches:
Dungeon (4/15)
 Temple: D:4-7

Altars:
Ashenzari
Elyvilon
Xom

Annotations:
D:3 3 runed doors


Message History

Things that are here:
a leather armour; a hand axe
Casting: Flame Tongue (safe; 2% risk of failure)
Confirm with . or Enter, or press ? or * to list all spells.
Aiming: Flame Tongue (safe; 2% risk of failure)
Press: ? - help, Shift-Dir - straight line, f - orc priest
Aim: an orc priest, wielding a dagger and wearing a leather armour The flame tongue hits the orc priest.
The orc priest is heavily wounded.
The orc priest hits you with a dagger.
* * * LOW HITPOINT WARNING * * *
Casting: Flame Tongue (safe; 2% risk of failure)
Confirm with . or Enter, or press ? or * to list all spells.
Aiming: Flame Tongue (safe; 2% risk of failure)
Press: ? - help, Shift-Dir - straight line, f/p - orc priest
Aim: an orc priest, wielding a dagger and wearing a leather armour (heavily The flame tongue hits the orc priest.
The orc priest is heavily wounded.
The orc priest hits you with a dagger.
You die...

#.# #.#..#...####.
#.#
###.#..####..ยง.5
#.# #...#..# #.####
#.# #.#########(#
#.#####...........#
#.........#########
#########.#
#...##<#.#
#...@o.#.#
###.####.# #......#
########


You could see an orc priest.

Vanquished Creatures
  Ijyb (D:3)
  5 adders
  A dart slug (D:1)
  3 leopard geckos
  5 orcs (D:3)
  5 bats
  2 giant cockroaches (D:1)
  2 goblins
  6 hobgoblins
  A quokka (D:3)
  3 ball pythons
  4 frilled lizards
  12 kobolds
  4 rats
54 creatures vanquished.

Vanquished Creatures (others)
  A bat (D:2)
1 creature vanquished.

Grand Total: 55 creatures vanquished

Notes
Turn   | Place    | Note
-------+----------+-------------------------------------------
     0 | D:1      | brandon the Deep Elf Fire Elementalist began the quest for
                  | the Orb.
     0 | D:1      | Reached XP level 1. HP: 10/10 MP: 6/6
    48 | D:1      | Found a shattered altar of Ashenzari.
   239 | D:1      | Reached XP level 2. HP: 15/15 MP: 2/8
   243 | D:1      | Learned a level 2 spell: Throw Flame
   926 | D:2      | Reached XP level 3. HP: 19/19 MP: 5/10
  1104 | D:2      | Found a white marble altar of Elyvilon.
  1588 | D:2      | Learned a level 3 spell: Conjure Flame
  1869 | D:3      | Reached XP level 4. HP: 24/24 MP: 5/11
  1878 | D:3      | Learned a level 4 spell: Sticky Flame
  2085 | D:3      | Found a runed gate.
  2085 | D:3      | Found a runed gate.
  2085 | D:3      | Found a runed gate.
  2391 | D:3      | Noticed Ijyb
  2401 | D:3      | Killed Ijyb
  2713 | D:3      | Found a shimmering altar of Xom.
  3574 | D:3      | Slain by an orc priest

Skill      XL: |  1  2  3  4 |
---------------+-------------+-----
Conjurations   | 2 3 |  3.8
Spellcasting   | 4 |  4.2
Fire Magic     | 4 |  4.1
Dodging        | |  2.4
Stealth        | |  2.5

Action                   |  1- 3 |  4- 6 || total
-------------------------+-------+-------++-------
Melee: Unarmed           |     1 |     2 ||     3
       Short sword       |       |    56 ||    56
 Fire: Blowgun           |       |     8 ||     8
 Cast: Flame Tongue      |    62 |    30 ||    92
       Throw Flame       |     8 |       ||     8
       Sticky Flame      |       |     2 ||     2
  Eat: Chunk             |     2 |     4 ||     6
       Ration            |       |     1 ||     1
Armor: Robe              |     1 |    12 ||    13
Dodge: Dodged            |    22 |    61 ||    83
